[ AOE2 MATCH · #484148683 ]
UnrankedVietnamese vs Muisca
[ REPLAY ANALYSIS · EXTRACTED FROM THE RECORDED GAME ]
Feudal
10:54
Castle
22:26
Imperial
42:19
| APM avg | 27.0 |
| APM peak | 89 |
| eAPM avg | 15.1 |
| Villagers / military | 120 / 379 |
Focus
⚔️ 38.6% · 🌾 61.4%
Spearman ×218 · Militia ×85 · Scout Cavalry ×25 · Rattan Archer ×22 · Trade Cart ×15 · Petard ×12
Feudal
10:31
Castle
23:55
Imperial
47:28
| APM avg | 21.6 |
| APM peak | 55 |
| eAPM avg | 16.6 |
| Villagers / military | 180 / 152 |
Focus
⚔️ 42.4% · 🌾 57.6%
Unknown (2550) ×179 · Skirmisher ×88 · Unknown (2562) ×84 · Genitour ×41 · Trade Cart ×39 · Unknown (2586) ×35
Feudal
—
Castle
—
Imperial
—
| APM avg | 11.7 |
| APM peak | 29 |
| eAPM avg | 10.2 |
| Villagers / military | 95 / 317 |
Focus
⚔️ 45.2% · 🌾 54.8%
Spearman ×109 · Steppe Lancer ×69 · Keshik ×67 · Archer ×61 · Trade Cart ×13 · Mangonel ×7
Feudal
13:54
Castle
21:00
Imperial
29:59
| APM avg | 29.3 |
| APM peak | 114 |
| eAPM avg | 16.5 |
| Villagers / military | 141 / 451 |
Focus
⚔️ 28.4% · 🌾 71.6%
Skirmisher ×110 · Knight ×71 · Scout Cavalry ×69 · Camel Scout ×68 · Camel Archer ×40 · Cavalry Archer ×37
Feudal
10:16
Castle
21:11
Imperial
35:14
| APM avg | 14.6 |
| APM peak | 48 |
| eAPM avg | 12.7 |
| Villagers / military | 127 / 280 |
Focus
⚔️ 43.2% · 🌾 56.8%
Knight ×163 · Spearman ×60 · Militia ×32 · Trade Cart ×21 · Skirmisher ×10 · Battering Ram ×7
Feudal
12:16
Castle
21:29
Imperial
45:08
| APM avg | 19.8 |
| APM peak | 56 |
| eAPM avg | 17.3 |
| Villagers / military | 139 / 457 |
Focus
⚔️ 50.8% · 🌾 49.2%
Shotel Warrior ×357 · Trade Cart ×47 · Skirmisher ×42 · Archer ×40 · Militia ×7 · Trebuchet (Packed) ×7
Match map
Initial resources + every placement click. Lines = walls · curves = elevation contours. ◆ gold · ⬟ stone · ● berries · ✦ relic · ◌ wall gap
Your base· ✓ Closed at 22:26 · 0t walls · 2 gate(s)
sliZER0's base· ✓ Closed at 23:55 · 24t walls · 2 gate(s)
Xswan8's base· ✓ Closed at 15:34 · 0t walls · 2 gate(s)
kleriks88's base· ✓ Closed at 21:00 · 0t walls · 2 gate(s)
Rislo69's base· ✓ Closed at 21:11 · 1t walls · 4 gate(s)
ikarus492's base· ✓ Closed at 21:29 · 0t walls · 3 gate(s)
Smoothed initial terrain · ◌ = detected wall gap · hover for details
Inputs per minute
— neo-tochtli - - sliZER0
Build order — neo-tochtli
First 150 of 471 actions detected
| 0:09 | Create | Villager (Male) |
| 0:09 | Create | Villager (Male) |
| 0:10 | Create | Villager (Male) |
| 0:10 | Create | Villager (Male) |
| 0:12 | Build | House |
| 0:38 | Build | House |
| 2:08 | Create | Villager (Male) |
| 2:10 | Create | Villager (Male) |
| 2:35 | Create | Villager (Male) |
| 2:56 | Build | House |
| 2:59 | Create | Villager (Male) |
| 3:26 | Create | Villager (Male) |
| 3:50 | Create | Villager (Male) |
| 4:08 | Create | Villager (Male) |
| 4:09 | Create | Villager (Male) |
| 4:29 | Create | Villager (Male) |
| 4:35 | Create | Villager (Male) |
| 4:35 | Create | Villager (Male) |
| 4:43 | Build | House |
| 5:02 | Create | Villager (Male) |
| 5:12 | Build | Mill |
| 5:14 | Create | Villager (Male) |
| 5:37 | Build | House |
| 5:38 | Build | House |
| 5:41 | Create | Villager (Male) |
| 5:41 | Create | Villager (Male) |
| 6:12 | Create | Villager (Male) |
| 6:46 | Build | Lumber Camp |
| 6:58 | Build | Lumber Camp |
| 7:00 | Create | Villager (Male) |
| 7:00 | Create | Villager (Male) |
| 7:01 | Create | Villager (Male) |
| 7:40 | Create | Villager (Male) |
| 7:40 | Create | Villager (Male) |
| 7:46 | Research | Loom |
| 8:44 | Research | Feudal Age |
| 8:48 | Build | House |
| 9:58 | Create | Villager (Male) |
| 9:58 | Create | Villager (Male) |
| 9:58 | Create | Villager (Male) |
| 10:23 | Build | Barracks |
| 10:54 | Age | Feudal Age |
| 10:54 | Research | Horse Collar |
| 10:56 | Research | Double-Bit Axe |
| 10:58 | Create | Villager (Male) |
| 10:59 | Create | Villager (Male) |
| 10:59 | Create | Villager (Male) |
| 11:33 | Build | Mining Camp |
| 11:36 | Create | Villager (Male) |
| 11:44 | Build | Market |
| 11:56 | Build | Blacksmith |
| 11:59 | Create | Villager (Male) |
| 12:17 | Build | House |
| 12:17 | Build | House |
| 12:18 | Build | House |
| 12:44 | Build | Mill |
| 12:58 | Create | Villager (Male) |
| 12:59 | Create | Villager (Male) |
| 12:59 | Create | Villager (Male) |
| 13:10 | Build | House |
| 13:12 | Build | House |
| 13:30 | Build | Mining Camp |
| 13:39 | Build | Archery Range |
| 13:53 | Create | Villager (Male) |
| 13:59 | Create | Villager (Male) |
| 14:19 | Build | House |
| 14:20 | Build | House |
| 14:22 | Build | House |
| 14:31 | Build | House |
| 14:54 | Research | Stone Mining |
| 15:09 | Research | Wheelbarrow |
| 15:38 | Build | Mining Camp |
| 15:43 | Build | House |
| 15:44 | Build | House |
| 16:10 | Build | Farm |
| 16:15 | Build | Farm |
| 16:18 | Build | Farm |
| 16:19 | Build | Farm |
| 16:43 | Create | Villager (Male) |
| 16:52 | Build | Farm |
| 16:58 | Build | Farm |
| 17:00 | Build | Farm |
| 17:23 | Create | Villager (Male) |
| 18:01 | Build | Farm |
| 18:03 | Build | Farm |
| 18:06 | Build | Farm |
| 18:07 | Build | Farm |
| 18:08 | Build | Farm |
| 18:29 | Build | Farm |
| 18:44 | Build | Mill |
| 19:46 | Research | Castle Age |
| 22:26 | Age | Castle Age |
| 22:28 | Build | Town Center |
| 22:39 | Build | Town Center |
| 22:44 | Build | Town Center |
| 22:57 | Build | Town Center |
| 23:26 | Build | Stone Wall |
| 23:43 | Research | Hand Cart |
| 23:45 | Create | Villager (Male) |
| 23:45 | Create | Villager (Male) |
| 23:45 | Create | Villager (Male) |
| 23:45 | Create | Villager (Male) |
| 23:46 | Create | Villager (Male) |
| 23:46 | Create | Villager (Male) |
| 23:46 | Create | Villager (Male) |
| 23:46 | Create | Villager (Male) |
| 23:47 | Create | Villager (Male) |
| 23:47 | Create | Villager (Male) |
| 23:47 | Create | Villager (Male) |
| 24:12 | Build | Gate |
| 24:18 | Build | Gate |
| 24:26 | Build | Gate |
| 24:27 | Create | Villager (Male) |
| 24:28 | Create | Villager (Male) |
| 24:33 | Build | Farm |
| 24:34 | Build | Farm |
| 24:36 | Build | Farm |
| 24:37 | Build | Farm |
| 24:38 | Build | Farm |
| 24:47 | Research | Heavy Plow |
| 24:52 | Build | Farm |
| 24:53 | Build | Farm |
| 24:54 | Build | Farm |
| 24:55 | Build | Farm |
| 25:04 | Create | Villager (Male) |
| 25:04 | Create | Villager (Male) |
| 25:47 | Build | Town Center |
| 25:58 | Create | Villager (Male) |
| 25:58 | Create | Villager (Male) |
| 26:16 | Build | Town Center |
| 26:25 | Create | Villager (Male) |
| 26:25 | Create | Villager (Male) |
| 26:25 | Create | Villager (Male) |
| 26:25 | Create | Villager (Male) |
| 26:35 | Research | Bow Saw |
| 26:57 | Create | Villager (Male) |
| 26:58 | Create | Villager (Male) |
| 27:13 | Build | Gate |
| 27:29 | Create | Villager (Male) |
| 27:30 | Create | Villager (Male) |
| 27:30 | Create | Villager (Male) |
| 27:30 | Create | Villager (Male) |
| 27:30 | Create | Villager (Male) |
| 27:50 | Build | Barracks |
| 27:52 | Build | Barracks |
| 28:12 | Create | Villager (Male) |
| 28:13 | Create | Villager (Male) |
| 28:13 | Create | Villager (Male) |
| 28:13 | Create | Villager (Male) |
| 28:29 | Build | Barracks |
Build order — sliZER0
First 150 of 654 actions detected
| 0:04 | Create | Villager (Male) |
| 0:04 | Create | Villager (Male) |
| 0:04 | Create | Villager (Male) |
| 0:04 | Create | Villager (Male) |
| 0:09 | Build | House |
| 0:12 | Build | House |
| 0:22 | Research | Loom |
| 2:01 | Create | Villager (Male) |
| 2:01 | Create | Villager (Male) |
| 2:01 | Create | Villager (Male) |
| 2:45 | Create | Villager (Male) |
| 2:45 | Create | Villager (Male) |
| 2:46 | Create | Villager (Male) |
| 3:21 | Build | Settlement |
| 3:36 | Create | Villager (Male) |
| 3:36 | Create | Villager (Male) |
| 3:36 | Create | Villager (Male) |
| 3:57 | Create | Villager (Male) |
| 3:57 | Create | Villager (Male) |
| 4:34 | Build | Outpost |
| 4:51 | Create | Villager (Male) |
| 4:51 | Create | Villager (Male) |
| 4:51 | Create | Villager (Male) |
| 4:51 | Create | Villager (Male) |
| 6:18 | Create | Villager (Male) |
| 6:49 | Create | Villager (Male) |
| 7:05 | Create | Villager (Male) |
| 7:24 | Build | House |
| 8:10 | Create | Villager (Male) |
| 8:21 | Research | Feudal Age |
| 8:21 | Research | Feudal Age |
| 8:46 | Build | Outpost |
| 10:00 | Build | Palisade Wall |
| 10:00 | Build | Palisade Wall |
| 10:01 | Build | Palisade Wall |
| 10:02 | Build | Palisade Wall |
| 10:02 | Build | Palisade Wall |
| 10:03 | Build | Palisade Wall |
| 10:03 | Build | Palisade Wall |
| 10:03 | Build | Palisade Wall |
| 10:22 | Build | Settlement |
| 10:24 | Create | Villager (Male) |
| 10:31 | Age | Feudal Age |
| 10:38 | Build | Settlement |
| 10:57 | Build | House |
| 10:57 | Build | House |
| 11:01 | Research | Town Watch |
| 11:02 | Create | Villager (Male) |
| 11:36 | Build | Stone Wall |
| 11:38 | Build | Stone Wall |
| 11:40 | Build | Stone Wall |
| 11:42 | Build | Stone Wall |
| 11:48 | Create | Villager (Male) |
| 11:55 | Build | Farm |
| 11:57 | Create | Villager (Male) |
| 12:04 | Build | Market |
| 12:25 | Build | Outpost |
| 12:35 | Build | Outpost |
| 12:40 | Build | Farm |
| 12:40 | Create | Villager (Male) |
| 13:05 | Create | Villager (Male) |
| 13:21 | Create | Villager (Male) |
| 13:55 | Build | Outpost |
| 13:57 | Create | Villager (Male) |
| 13:58 | Create | Villager (Male) |
| 14:19 | Build | Blacksmith |
| 15:05 | Create | Villager (Male) |
| 15:29 | Create | Villager (Male) |
| 15:29 | Create | Villager (Male) |
| 15:35 | Build | Farm |
| 15:36 | Build | Farm |
| 15:42 | Research | Double-Bit Axe |
| 16:04 | Create | Villager (Male) |
| 16:09 | Build | Farm |
| 16:29 | Build | Farm |
| 16:44 | Create | Villager (Male) |
| 16:53 | Build | Farm |
| 16:54 | Create | Villager (Male) |
| 17:14 | Build | Watch Tower |
| 17:17 | Build | Barracks |
| 17:19 | Create | Villager (Male) |
| 17:22 | Build | Farm |
| 17:23 | Create | Villager (Male) |
| 17:57 | Build | Barracks |
| 18:03 | Create | Villager (Male) |
| 18:08 | Build | Farm |
| 18:10 | Build | Farm |
| 18:12 | Create | Villager (Male) |
| 18:34 | Build | Farm |
| 18:37 | Create | Villager (Male) |
| 18:44 | Build | Farm |
| 18:45 | Build | Farm |
| 18:46 | Build | Farm |
| 18:48 | Build | Farm |
| 19:24 | Build | Settlement |
| 19:37 | Create | Villager (Male) |
| 19:45 | Build | House |
| 19:46 | Build | House |
| 20:13 | Create | Villager (Male) |
| 20:46 | Build | Outpost |
| 20:50 | Create | Villager (Male) |
| 21:05 | Research | Castle Age |
| 21:33 | Research | Tech 1402 |
| 21:40 | Create | Unit 2550 |
| 21:40 | Create | Unit 2550 |
| 21:40 | Create | Unit 2550 |
| 21:57 | Research | Horse Collar |
| 21:57 | Research | Horse Collar |
| 22:34 | Create | Unit 2550 |
| 22:36 | Create | Unit 2550 |
| 22:38 | Create | Unit 2550 |
| 22:41 | Create | Spearman |
| 22:44 | Create | Spearman |
| 22:51 | Research | Wheelbarrow |
| 22:54 | Research | Gold Mining |
| 23:17 | Build | Archery Range |
| 23:55 | Age | Castle Age |
| 24:07 | Build | Settlement |
| 24:16 | Build | University |
| 24:20 | Create | Villager (Male) |
| 24:20 | Create | Villager (Male) |
| 24:27 | Build | Town Center |
| 24:37 | Research | Town Patrol |
| 24:38 | Research | Town Patrol |
| 24:41 | Create | Villager (Male) |
| 24:45 | Research | Tech 1351 |
| 24:45 | Research | Tech 1351 |
| 24:46 | Research | Squires |
| 24:53 | Research | Stone Mining |
| 24:53 | Research | Stone Mining |
| 25:03 | Build | Outpost |
| 25:28 | Research | Bow Saw |
| 25:28 | Research | Bow Saw |
| 25:38 | Research | Guard Tower (upgrade) |
| 25:39 | Research | Guard Tower (upgrade) |
| 26:03 | Create | Skirmisher |
| 26:03 | Create | Skirmisher |
| 26:04 | Create | Skirmisher |
| 26:04 | Create | Skirmisher |
| 26:12 | Create | Villager (Male) |
| 26:13 | Create | Villager (Male) |
| 26:41 | Create | Trade Cart |
| 26:42 | Create | Trade Cart |
| 26:42 | Create | Trade Cart |
| 26:45 | Create | Villager (Male) |
| 26:45 | Create | Villager (Male) |
| 26:46 | Create | Villager (Male) |
| 26:51 | Build | House |
| 26:52 | Build | House |
| 26:53 | Build | House |
Build order — Xswan8
First 150 of 465 actions detected
| 0:04 | Create | Villager (Male) |
| 0:05 | Create | Villager (Male) |
| 0:05 | Create | Villager (Male) |
| 0:05 | Create | Villager (Male) |
| 0:06 | Create | Villager (Male) |
| 0:12 | Build | House |
| 0:52 | Build | House |
| 0:53 | Build | House |
| 0:55 | Build | House |
| 1:00 | Build | Mill |
| 2:05 | Create | Villager (Male) |
| 2:27 | Create | Villager (Male) |
| 2:27 | Create | Villager (Male) |
| 3:17 | Create | Villager (Male) |
| 3:17 | Create | Villager (Male) |
| 3:18 | Create | Villager (Male) |
| 3:25 | Create | Villager (Male) |
| 3:47 | Create | Villager (Male) |
| 4:15 | Create | Villager (Male) |
| 4:34 | Create | Villager (Male) |
| 4:34 | Create | Villager (Male) |
| 4:35 | Create | Villager (Male) |
| 5:03 | Create | Villager (Male) |
| 5:47 | Create | Villager (Male) |
| 5:48 | Create | Villager (Male) |
| 5:48 | Create | Villager (Male) |
| 5:48 | Create | Villager (Male) |
| 6:44 | Create | Villager (Male) |
| 6:52 | Build | Lumber Camp |
| 7:57 | Build | Mining Camp |
| 8:13 | Research | Feudal Age |
| 8:42 | Create | Villager (Male) |
| 8:42 | Create | Villager (Male) |
| 8:42 | Create | Villager (Male) |
| 9:16 | Build | House |
| 9:25 | Build | Barracks |
| 10:36 | Research | Double-Bit Axe |
| 11:18 | Build | Market |
| 11:41 | Create | Villager (Male) |
| 11:41 | Create | Villager (Male) |
| 11:41 | Create | Villager (Male) |
| 11:42 | Create | Villager (Male) |
| 11:55 | Build | House |
| 12:35 | Build | Farm |
| 12:37 | Build | Farm |
| 12:38 | Build | Farm |
| 12:41 | Build | Farm |
| 13:03 | Build | Farm |
| 13:12 | Create | Villager (Male) |
| 13:12 | Create | Villager (Male) |
| 13:47 | Build | Mining Camp |
| 14:00 | Create | Villager (Male) |
| 14:00 | Create | Villager (Male) |
| 14:16 | Build | Farm |
| 14:25 | Build | Blacksmith |
| 15:00 | Create | Villager (Male) |
| 15:10 | Build | House |
| 15:27 | Build | Farm |
| 15:34 | Research | Castle Age |
| 15:42 | Build | House |
| 15:57 | Build | Archery Range |
| 16:07 | Research | Stone Mining |
| 16:27 | Build | Archery Range |
| 16:35 | Build | Farm |
| 16:40 | Research | Horse Collar |
| 17:04 | Create | Spearman |
| 17:04 | Create | Spearman |
| 17:04 | Create | Spearman |
| 17:25 | Build | Farm |
| 17:30 | Create | Archer |
| 17:30 | Create | Archer |
| 17:30 | Create | Archer |
| 17:31 | Create | Archer |
| 17:31 | Create | Archer |
| 17:37 | Create | Spearman |
| 17:37 | Create | Spearman |
| 18:04 | Research | Gold Mining |
| 18:17 | Create | Trade Cart |
| 18:33 | Create | Villager (Male) |
| 18:33 | Create | Villager (Male) |
| 18:51 | Build | Town Center |
| 19:23 | Build | Town Center |
| 19:33 | Build | House |
| 19:38 | Build | House |
| 19:47 | Create | Villager (Male) |
| 19:47 | Create | Villager (Male) |
| 19:47 | Create | Villager (Male) |
| 20:03 | Create | Archer |
| 20:03 | Create | Archer |
| 20:03 | Create | Archer |
| 20:04 | Create | Archer |
| 20:09 | Research | Squires |
| 20:10 | Create | Spearman |
| 20:11 | Create | Spearman |
| 20:18 | Create | Villager (Male) |
| 21:02 | Build | Farm |
| 21:04 | Build | Farm |
| 21:06 | Build | Farm |
| 21:23 | Build | Monastery |
| 21:29 | Research | Bow Saw |
| 21:35 | Create | Villager (Male) |
| 21:35 | Create | Villager (Male) |
| 21:35 | Create | Villager (Male) |
| 21:47 | Create | Villager (Male) |
| 21:51 | Create | Villager (Male) |
| 22:22 | Build | University |
| 22:27 | Create | Monk |
| 22:29 | Research | Fervor |
| 22:46 | Research | Wheelbarrow |
| 22:51 | Create | Villager (Male) |
| 22:51 | Create | Villager (Male) |
| 23:02 | Build | Farm |
| 23:06 | Build | Farm |
| 23:18 | Create | Archer |
| 23:19 | Create | Archer |
| 23:19 | Create | Archer |
| 24:01 | Create | Monk |
| 24:13 | Research | Hand Cart |
| 24:15 | Create | Villager (Male) |
| 24:15 | Create | Villager (Male) |
| 24:15 | Create | Villager (Male) |
| 24:40 | Create | Villager (Male) |
| 24:41 | Create | Villager (Male) |
| 24:41 | Create | Villager (Male) |
| 24:52 | Create | Villager (Male) |
| 24:52 | Create | Villager (Male) |
| 25:00 | Create | Trade Cart |
| 25:01 | Create | Trade Cart |
| 25:01 | Create | Trade Cart |
| 25:19 | Build | House |
| 25:31 | Build | House |
| 25:36 | Build | House |
| 25:37 | Build | House |
| 25:40 | Build | House |
| 25:48 | Create | Villager (Male) |
| 25:48 | Create | Villager (Male) |
| 25:48 | Create | Villager (Male) |
| 25:49 | Create | Villager (Male) |
| 25:49 | Create | Villager (Male) |
| 25:49 | Create | Villager (Male) |
| 25:57 | Create | Villager (Male) |
| 25:58 | Create | Villager (Male) |
| 26:07 | Build | Farm |
| 26:14 | Build | Farm |
| 26:18 | Research | Heavy Plow |
| 26:32 | Build | Castle |
| 26:41 | Research | Crossbowman (upgrade) |
| 26:49 | Build | Farm |
| 26:51 | Research | Fletching |
| 27:07 | Build | Stable |
Build order — kleriks88
First 150 of 519 actions detected
| 0:05 | Create | Villager (Male) |
| 0:09 | Build | House |
| 0:16 | Create | Villager (Male) |
| 0:16 | Create | Villager (Male) |
| 0:29 | Create | Villager (Male) |
| 0:29 | Create | Villager (Male) |
| 0:37 | Build | House |
| 0:38 | Build | House |
| 0:41 | Build | House |
| 1:48 | Create | Villager (Male) |
| 1:48 | Create | Villager (Male) |
| 1:55 | Build | Mill |
| 2:27 | Create | Villager (Male) |
| 2:55 | Create | Villager (Male) |
| 2:55 | Create | Villager (Male) |
| 3:20 | Create | Villager (Male) |
| 4:02 | Create | Villager (Male) |
| 4:02 | Create | Villager (Male) |
| 4:03 | Create | Villager (Male) |
| 4:03 | Create | Villager (Male) |
| 5:54 | Create | Villager (Male) |
| 5:54 | Create | Villager (Male) |
| 5:55 | Create | Villager (Male) |
| 5:56 | Create | Villager (Male) |
| 5:58 | Create | Villager (Male) |
| 5:59 | Create | Villager (Male) |
| 5:59 | Create | Villager (Male) |
| 6:18 | Build | Lumber Camp |
| 6:29 | Create | Villager (Male) |
| 7:30 | Create | Villager (Male) |
| 8:23 | Create | Villager (Male) |
| 8:23 | Create | Villager (Male) |
| 8:23 | Create | Villager (Male) |
| 8:24 | Create | Villager (Male) |
| 8:24 | Create | Villager (Male) |
| 8:50 | Build | House |
| 8:54 | Build | House |
| 8:57 | Build | House |
| 9:37 | Build | Mill |
| 10:28 | Research | Feudal Age |
| 10:37 | Build | Mining Camp |
| 11:24 | Build | Mining Camp |
| 12:08 | Build | Mining Camp |
| 12:31 | Create | Villager (Male) |
| 12:32 | Create | Villager (Male) |
| 12:32 | Create | Villager (Male) |
| 12:38 | Create | Villager (Male) |
| 13:17 | Build | Barracks |
| 13:54 | Age | Feudal Age |
| 14:12 | Build | Market |
| 14:26 | Build | Blacksmith |
| 14:30 | Research | Horse Collar |
| 14:35 | Research | Double-Bit Axe |
| 14:49 | Build | Farm |
| 15:27 | Build | Farm |
| 15:30 | Build | Farm |
| 15:34 | Create | Villager (Male) |
| 15:38 | Build | Farm |
| 16:05 | Build | Farm |
| 16:18 | Build | Farm |
| 16:31 | Build | Farm |
| 16:59 | Create | Villager (Male) |
| 17:00 | Create | Villager (Male) |
| 17:05 | Build | Farm |
| 17:15 | Build | Farm |
| 17:27 | Build | Farm |
| 17:40 | Build | Farm |
| 17:56 | Build | Farm |
| 18:20 | Research | Castle Age |
| 18:21 | Research | Castle Age |
| 18:54 | Build | Archery Range |
| 19:12 | Build | House |
| 19:13 | Build | House |
| 19:15 | Build | House |
| 19:17 | Build | House |
| 19:19 | Build | House |
| 19:21 | Build | House |
| 19:23 | Build | House |
| 19:26 | Build | House |
| 19:27 | Build | House |
| 19:48 | Create | Villager (Male) |
| 19:48 | Create | Villager (Male) |
| 19:51 | Research | Wheelbarrow |
| 20:39 | Build | Stable |
| 21:00 | Age | Castle Age |
| 21:12 | Build | Castle |
| 21:39 | Build | Siege Workshop |
| 21:56 | Research | Husbandry |
| 21:58 | Research | Bloodlines |
| 23:07 | Build | Town Center |
| 23:54 | Build | Castle |
| 24:14 | Build | Monastery |
| 25:06 | Build | University |
| 25:10 | Create | Monk |
| 25:32 | Create | Villager (Male) |
| 25:32 | Create | Villager (Male) |
| 25:32 | Create | Villager (Male) |
| 25:33 | Create | Villager (Male) |
| 25:34 | Create | Villager (Male) |
| 25:34 | Create | Villager (Male) |
| 25:34 | Create | Villager (Male) |
| 25:35 | Create | Villager (Male) |
| 26:27 | Build | Mining Camp |
| 26:49 | Research | Imperial Age |
| 26:53 | Build | Farm |
| 26:53 | Build | Farm |
| 26:54 | Build | Farm |
| 26:54 | Build | Farm |
| 26:57 | Build | Farm |
| 27:08 | Create | Camel Scout |
| 27:08 | Create | Camel Scout |
| 27:14 | Create | Villager (Male) |
| 27:15 | Create | Villager (Male) |
| 28:09 | Create | Monk |
| 28:14 | Build | Farm |
| 28:43 | Create | Camel Scout ×5 |
| 28:43 | Create | Camel Scout ×5 |
| 28:57 | Create | Camel Archer |
| 28:57 | Create | Camel Archer |
| 29:46 | Create | Villager (Male) |
| 29:46 | Create | Villager (Male) |
| 29:46 | Create | Villager (Male) |
| 29:51 | Create | Villager (Male) |
| 29:52 | Create | Villager (Male) |
| 29:56 | Create | Villager (Male) |
| 29:56 | Create | Villager (Male) |
| 29:56 | Create | Villager (Male) |
| 29:59 | Age | Imperial Age |
| 29:59 | Build | Farm |
| 30:01 | Build | Farm |
| 31:15 | Create | Trebuchet (Packed) |
| 31:23 | Create | Camel Archer |
| 32:09 | Build | House |
| 32:10 | Build | House |
| 32:10 | Build | House |
| 32:11 | Build | House |
| 32:11 | Build | House |
| 32:14 | Create | Villager (Male) |
| 32:14 | Create | Villager (Male) |
| 32:14 | Create | Villager (Male) |
| 32:15 | Create | Villager (Male) |
| 32:15 | Create | Villager (Male) |
| 32:15 | Create | Villager (Male) |
| 32:15 | Create | Villager (Male) |
| 32:18 | Create | Villager (Male) |
| 32:18 | Create | Villager (Male) |
| 32:18 | Create | Villager (Male) |
| 32:18 | Create | Villager (Male) |
| 32:19 | Create | Villager (Male) |
| 32:19 | Create | Villager (Male) |
Build order — Rislo69
First 150 of 678 actions detected
| 0:03 | Create | Villager (Male) |
| 0:03 | Create | Villager (Male) |
| 0:04 | Create | Villager (Male) |
| 0:04 | Create | Villager (Male) |
| 0:05 | Create | Villager (Male) |
| 0:05 | Create | Villager (Male) |
| 0:09 | Build | House |
| 0:40 | Build | House |
| 0:41 | Build | House |
| 1:36 | Create | Villager (Male) |
| 1:36 | Create | Villager (Male) |
| 2:16 | Build | Lumber Camp |
| 2:18 | Create | Villager (Male) |
| 2:18 | Create | Villager (Male) |
| 2:18 | Create | Villager (Male) |
| 2:35 | Create | Villager (Male) |
| 2:35 | Create | Villager (Male) |
| 2:35 | Create | Villager (Male) |
| 2:35 | Create | Villager (Male) |
| 3:01 | Create | Villager (Male) |
| 3:01 | Create | Villager (Male) |
| 3:02 | Create | Villager (Male) |
| 3:18 | Create | Villager (Male) |
| 3:18 | Create | Villager (Male) |
| 3:39 | Create | Villager (Male) |
| 3:39 | Create | Villager (Male) |
| 3:53 | Create | Villager (Male) |
| 3:53 | Create | Villager (Male) |
| 4:37 | Create | Villager (Male) |
| 4:37 | Create | Villager (Male) |
| 4:56 | Create | Villager (Male) |
| 5:16 | Create | Villager (Male) |
| 5:41 | Build | Mill |
| 5:57 | Create | Villager (Male) |
| 7:03 | Build | House |
| 7:06 | Build | House |
| 7:07 | Build | House |
| 7:13 | Build | House |
| 7:15 | Build | House |
| 8:06 | Research | Feudal Age |
| 8:39 | Build | Mining Camp |
| 8:46 | Build | Barracks |
| 9:24 | Create | Villager (Male) |
| 10:16 | Age | Feudal Age |
| 10:17 | Research | Double-Bit Axe |
| 10:23 | Create | Villager (Male) |
| 10:44 | Build | Blacksmith |
| 10:58 | Build | Market |
| 11:07 | Create | Villager (Male) |
| 11:07 | Create | Villager (Male) |
| 11:07 | Create | Villager (Male) |
| 11:14 | Build | Mill |
| 11:18 | Create | Villager (Male) |
| 11:39 | Build | Farm |
| 11:43 | Create | Villager (Male) |
| 11:59 | Create | Villager (Male) |
| 12:08 | Build | Siege Workshop |
| 12:40 | Build | Mining Camp |
| 12:44 | Create | Villager (Male) |
| 13:04 | Create | Villager (Male) |
| 13:22 | Build | Stable |
| 13:28 | Build | Palisade Gate |
| 13:37 | Build | Palisade Wall |
| 13:43 | Build | Farm |
| 13:44 | Build | Farm |
| 13:47 | Create | Villager (Male) |
| 13:47 | Create | Villager (Male) |
| 14:01 | Create | Battering Ram |
| 14:16 | Create | Villager (Male) |
| 14:36 | Build | House |
| 14:38 | Build | House |
| 14:48 | Build | Farm |
| 14:51 | Create | Villager (Male) |
| 14:51 | Create | Villager (Male) |
| 15:05 | Build | Farm |
| 15:12 | Create | Villager (Male) |
| 15:21 | Build | House |
| 15:26 | Build | Farm |
| 15:38 | Create | Battering Ram |
| 15:56 | Create | Villager (Male) |
| 16:19 | Build | Farm |
| 16:22 | Create | Villager (Male) |
| 16:49 | Build | Farm |
| 16:51 | Create | Villager (Male) |
| 17:02 | Build | House |
| 17:08 | Create | Battering Ram |
| 17:33 | Build | Archery Range |
| 17:39 | Build | Farm |
| 18:01 | Build | Farm |
| 18:17 | Build | Farm |
| 18:24 | Create | Battering Ram |
| 18:31 | Research | Castle Age |
| 19:12 | Create | Militia |
| 19:12 | Create | Militia |
| 19:12 | Create | Militia |
| 19:25 | Build | Barracks |
| 19:38 | Create | Spearman |
| 19:40 | Research | Arson |
| 20:34 | Build | Farm |
| 20:35 | Build | Farm |
| 20:37 | Build | Farm |
| 20:55 | Research | Man-at-Arms (upgrade) |
| 21:04 | Create | Spearman |
| 21:05 | Create | Militia |
| 21:09 | Create | Spearman |
| 21:09 | Create | Militia |
| 21:11 | Age | Castle Age |
| 21:23 | Create | Battering Ram |
| 21:24 | Research | Capped Ram (upgrade) |
| 21:34 | Create | Villager (Male) |
| 21:34 | Create | Villager (Male) |
| 21:50 | Create | Villager (Male) |
| 21:51 | Create | Villager (Male) |
| 21:51 | Create | Villager (Male) |
| 22:03 | Create | Camel Scout |
| 22:09 | Build | Farm |
| 22:29 | Create | Villager (Male) |
| 22:29 | Create | Villager (Male) |
| 22:37 | Create | Cavalry Archer |
| 22:42 | Build | Farm |
| 22:48 | Create | Villager (Male) |
| 23:01 | Build | Town Center |
| 23:14 | Create | Steppe Lancer |
| 23:17 | Create | Villager (Male) |
| 23:26 | Create | Villager (Male) |
| 23:50 | Build | House |
| 23:51 | Build | House |
| 23:58 | Build | House |
| 23:59 | Build | House |
| 24:01 | Build | House |
| 24:07 | Create | Villager (Male) |
| 24:13 | Create | Knight |
| 24:27 | Create | Villager (Male) |
| 24:42 | Research | Squires |
| 24:48 | Create | Camel Scout |
| 24:56 | Build | House |
| 25:03 | Create | Villager (Male) |
| 25:10 | Create | Villager (Male) |
| 25:11 | Create | Villager (Male) |
| 25:18 | Create | Spearman |
| 25:32 | Build | Farm |
| 25:36 | Create | Villager (Male) |
| 25:40 | Create | Villager (Male) |
| 25:40 | Create | Villager (Male) |
| 25:41 | Create | Villager (Male) |
| 25:48 | Create | Scorpion |
| 25:55 | Create | Steppe Lancer |
| 26:16 | Build | Farm |
| 26:18 | Build | Farm |
| 26:23 | Create | Villager (Male) |
Build order — ikarus492
First 150 of 815 actions detected
| 0:06 | Build | House |
| 0:13 | Build | House |
| 0:15 | Build | House |
| 0:16 | Build | House |
| 0:17 | Build | House |
| 0:19 | Build | House |
| 0:22 | Create | Villager (Male) |
| 0:23 | Create | Villager (Male) |
| 0:23 | Create | Villager (Male) |
| 0:23 | Create | Villager (Male) |
| 2:03 | Create | Villager (Male) |
| 2:28 | Create | Villager (Male) |
| 2:56 | Create | Villager (Male) |
| 3:24 | Create | Villager (Male) |
| 3:36 | Create | Villager (Male) |
| 4:03 | Create | Villager (Male) |
| 4:31 | Create | Villager (Male) |
| 5:05 | Create | Villager (Male) |
| 5:19 | Create | Villager (Male) |
| 5:20 | Create | Villager (Male) |
| 5:20 | Create | Villager (Male) |
| 5:55 | Create | Villager (Male) |
| 5:56 | Create | Villager (Male) |
| 5:56 | Create | Villager (Male) |
| 5:56 | Create | Villager (Male) |
| 6:06 | Build | Lumber Camp |
| 6:32 | Create | Villager (Male) |
| 6:50 | Create | Villager (Male) |
| 7:09 | Create | Villager (Male) |
| 7:10 | Create | Villager (Male) |
| 7:10 | Create | Villager (Male) |
| 7:43 | Build | Mill |
| 9:13 | Research | Feudal Age |
| 9:20 | Research | Loom |
| 9:36 | Build | Mill |
| 10:44 | Create | Villager (Male) |
| 10:45 | Create | Villager (Male) |
| 10:46 | Create | Villager (Male) |
| 11:19 | Build | Mill |
| 11:58 | Build | Barracks |
| 12:16 | Age | Feudal Age |
| 12:24 | Research | Double-Bit Axe |
| 12:49 | Build | Mining Camp |
| 13:39 | Create | Villager (Male) |
| 13:40 | Create | Villager (Male) |
| 13:46 | Create | Militia |
| 14:11 | Research | Man-at-Arms (upgrade) |
| 14:51 | Create | Villager (Male) |
| 14:59 | Build | House |
| 15:00 | Build | House |
| 15:01 | Build | House |
| 15:39 | Create | Villager (Male) |
| 16:16 | Create | Villager (Male) |
| 16:36 | Build | Archery Range |
| 16:42 | Build | Blacksmith |
| 16:43 | Create | Villager (Male) |
| 17:16 | Research | Town Watch |
| 17:33 | Research | Horse Collar |
| 17:50 | Build | Farm |
| 17:51 | Build | Farm |
| 17:53 | Build | Farm |
| 18:09 | Research | Gold Mining |
| 18:49 | Research | Castle Age |
| 18:54 | Build | Farm |
| 19:13 | Build | House |
| 19:15 | Build | House |
| 19:16 | Build | House |
| 19:17 | Build | House |
| 19:18 | Build | House |
| 19:19 | Build | House |
| 19:22 | Build | House |
| 19:23 | Build | House |
| 19:32 | Build | Market |
| 19:39 | Build | Market |
| 19:52 | Create | Villager (Male) |
| 19:53 | Create | Villager (Male) |
| 19:54 | Create | Villager (Male) |
| 19:54 | Create | Villager (Male) |
| 19:55 | Create | Villager (Male) |
| 19:56 | Create | Villager (Male) |
| 19:56 | Create | Villager (Male) |
| 19:59 | Create | Villager (Male) |
| 19:59 | Create | Villager (Male) |
| 20:00 | Create | Villager (Male) |
| 20:12 | Build | Farm |
| 20:14 | Build | Farm |
| 20:16 | Build | Farm |
| 20:17 | Build | Farm |
| 20:47 | Create | Archer |
| 20:50 | Create | Archer |
| 21:29 | Age | Castle Age |
| 21:38 | Build | Farm |
| 21:41 | Build | Farm |
| 21:45 | Create | Archer |
| 21:56 | Build | Mining Camp |
| 21:59 | Research | Heavy Plow |
| 22:05 | Research | Bow Saw |
| 22:13 | Build | Town Center |
| 22:22 | Create | Archer |
| 22:27 | Create | Spearman |
| 22:27 | Create | Spearman |
| 22:27 | Create | Spearman |
| 22:34 | Research | Stone Mining |
| 23:09 | Create | Spearman |
| 23:24 | Research | Stone Shaft Mining |
| 23:31 | Create | Villager (Male) |
| 23:32 | Create | Villager (Male) |
| 23:33 | Create | Villager (Male) |
| 23:33 | Create | Villager (Male) |
| 23:33 | Create | Villager (Male) |
| 23:34 | Create | Villager (Male) |
| 23:34 | Create | Villager (Male) |
| 23:34 | Create | Villager (Male) |
| 23:34 | Create | Villager (Male) |
| 23:34 | Create | Villager (Male) |
| 23:35 | Create | Villager (Male) |
| 23:35 | Create | Villager (Male) |
| 24:10 | Research | Arson |
| 24:33 | Build | Farm |
| 24:46 | Build | Farm |
| 24:48 | Build | Farm |
| 24:50 | Build | Farm |
| 24:51 | Build | Farm |
| 24:52 | Build | Farm |
| 24:53 | Build | Farm |
| 25:14 | Research | Crossbowman (upgrade) |
| 25:20 | Build | Farm |
| 25:24 | Build | Farm |
| 26:30 | Create | Villager (Male) |
| 26:31 | Create | Villager (Male) |
| 26:32 | Create | Villager (Male) |
| 26:32 | Create | Villager (Male) |
| 26:32 | Create | Villager (Male) |
| 26:33 | Create | Villager (Male) |
| 26:33 | Create | Villager (Male) |
| 26:43 | Build | Farm |
| 26:45 | Build | Farm |
| 26:49 | Build | Farm |
| 26:52 | Build | Farm |
| 27:00 | Build | Lumber Camp |
| 27:23 | Build | Castle |
| 27:40 | Research | Thumb Ring |
| 27:48 | Research | Padded Archer Armor |
| 27:50 | Research | Fletching |
| 28:15 | Create | Militia |
| 28:16 | Create | Militia |
| 28:16 | Create | Militia |
| 28:17 | Create | Militia |
| 28:26 | Create | Archer |
| 28:26 | Create | Archer |
Match timeline
| 8:46 | Rislo69 · first_building Barracks |
| 9:25 | Xswan8 · first_building Barracks |
| 10:00 | sliZER0 · wall_segment Palisade Wall x1 |
| 10:00 | sliZER0 · wall_segment Palisade Wall x1 |
| 10:01 | sliZER0 · wall_segment Palisade Wall x1 |
| 10:02 | sliZER0 · wall_segment Palisade Wall x1 |
| 10:02 | sliZER0 · wall_segment Palisade Wall x1 |
| 10:03 | sliZER0 · wall_segment Palisade Wall x1 |
| 10:03 | sliZER0 · wall_segment Palisade Wall x1 |
| 10:03 | sliZER0 · wall_segment Palisade Wall x1 |
| 10:16 | Rislo69 · age_up feudal |
| 10:23 | neo-tochtli · first_building Barracks |
| 10:31 | sliZER0 · age_up feudal |
| 10:54 | neo-tochtli · age_up feudal |
| 11:36 | sliZER0 · wall_segment Stone Wall x4 |
| 11:38 | sliZER0 · wall_segment Stone Wall x4 |
| 11:40 | sliZER0 · wall_segment Stone Wall x4 |
| 11:42 | sliZER0 · wall_segment Stone Wall x5 |
| 11:58 | ikarus492 · first_building Barracks |
| 12:08 | Rislo69 · first_building Siege Workshop |
| 12:16 | ikarus492 · age_up feudal |
| 13:17 | kleriks88 · first_building Barracks |
| 13:22 | Rislo69 · first_building Stable |
| 13:37 | Rislo69 · wall_segment Palisade Wall x1 |
| 13:39 | neo-tochtli · first_building Archery Range |
| 13:54 | kleriks88 · age_up feudal |
| 15:57 | Xswan8 · first_building Archery Range |
| 16:36 | ikarus492 · first_building Archery Range |
| 17:17 | sliZER0 · first_building Barracks |
| 17:33 | Rislo69 · first_building Archery Range |
| 18:54 | kleriks88 · first_building Archery Range |
| 20:39 | kleriks88 · first_building Stable |
| 21:00 | kleriks88 · age_up castle |
| 21:11 | Rislo69 · age_up castle |
| 21:12 | kleriks88 · first_building Castle |
| 21:23 | Xswan8 · first_building Monastery |
| 21:29 | ikarus492 · age_up castle |
| 21:39 | kleriks88 · first_building Siege Workshop |
| 22:26 | neo-tochtli · age_up castle |
| 23:17 | sliZER0 · first_building Archery Range |
| 23:26 | neo-tochtli · wall_segment Stone Wall x71 |
| 23:55 | sliZER0 · age_up castle |
| 24:14 | kleriks88 · first_building Monastery |
| 25:43 | kleriks88 · first_market_sell 100 food |
| 26:32 | Xswan8 · first_building Castle |
| 27:07 | Xswan8 · first_building Stable |
| 27:23 | ikarus492 · first_building Castle |
| 27:39 | Rislo69 · first_building Castle |
| 29:59 | kleriks88 · age_up imperial |
| 30:17 | Xswan8 · first_market_buy 100 food |
| 30:19 | Xswan8 · first_market_sell 100 wood |
| 30:57 | neo-tochtli · wall_segment Stone Wall x10 |
| 31:12 | sliZER0 · first_building Monastery |
| 31:42 | Xswan8 · wall_segment Stone Wall x6 |
| 31:59 | Rislo69 · first_market_sell 100 wood |
| 32:02 | Xswan8 · first_building Siege Workshop |
| 32:34 | neo-tochtli · first_building Castle |
| 35:14 | Rislo69 · age_up imperial |
| 36:46 | neo-tochtli · first_building Siege Workshop |
| 39:51 | sliZER0 · first_building Castle |
| 41:02 | neo-tochtli · first_building Stable |
| 41:47 | ikarus492 · first_market_sell 100 food |
| 41:58 | sliZER0 · first_building Siege Workshop |
| 42:19 | neo-tochtli · age_up imperial |
| 43:05 | sliZER0 · wall_segment Stone Wall x4 |
| 43:21 | sliZER0 · wall_segment Stone Wall x2 |
| 45:08 | ikarus492 · age_up imperial |
| 47:28 | sliZER0 · age_up imperial |
| 51:29 | sliZER0 · first_market_buy 100 wood |
| 52:31 | ikarus492 · first_market_buy 100 wood |
| 53:18 | sliZER0 · tribute_sent a jugador 2 |
| 53:18 | sliZER0 · tribute_sent a jugador 3 |
| 53:18 | sliZER0 · tribute_sent a jugador 4 |
| 53:18 | sliZER0 · tribute_sent a jugador 5 |
| 53:18 | sliZER0 · tribute_sent a jugador 6 |
| 55:03 | kleriks88 · wall_segment Stone Wall x20 |
| 55:05 | kleriks88 · wall_segment Stone Wall x22 |
| 55:33 | sliZER0 · tribute_sent a jugador 2 |
| 55:33 | sliZER0 · tribute_sent a jugador 3 |
| 55:33 | sliZER0 · tribute_sent a jugador 4 |
| 55:33 | sliZER0 · tribute_sent a jugador 5 |
| 55:33 | sliZER0 · tribute_sent a jugador 6 |
| 56:50 | sliZER0 · wall_segment Stone Wall x8 |
| 58:35 | sliZER0 · tribute_sent a jugador 2 |
| 58:35 | sliZER0 · tribute_sent a jugador 3 |
| 58:35 | sliZER0 · tribute_sent a jugador 4 |
| 58:35 | sliZER0 · tribute_sent a jugador 5 |
| 58:35 | sliZER0 · tribute_sent a jugador 6 |
| 64:32 | Rislo69 · resign |
| 66:20 | sliZER0 · first_market_sell 500 wood |
[ AI ANALYSIS · 1 CREDIT ]
What really happened in this match?
Wolo.gg analyzes every decision: build order, eco, micro, common mistakes by bracket. Personalized analysis on WhatsApp or Discord in 30 seconds.
Civ guide
Vietnamese
Perfil
Jugador #22709014